 Dungeon Crawl Stone Soup version 0.28-a0-620-g539b0f7ac7 (webtiles) character file.

Game seed: 12019930393131149139

68 siradein the Insei (level 4, 0/33 HPs)
             Began as a Demonspawn Transmuter on Oct 7, 2021.
             Slain by an iguana (8 damage)
             ... on level 3 of the Dungeon.
             The game lasted 00:04:33 (2472 turns).

siradein the Insei (Demonspawn Transmuter)          Turns: 2472, Time: 00:04:33

Health: 0/33       AC:  2    Str: 10    XL:     4   Next: 1%
Magic:  6/7        EV: 12    Int: 16    God:
Gold:   103        SH:  0    Dex: 15    Spells: 5/8 levels left

rFire   . . .      SeeInvis +   l - +0 broad axe
rCold   . . .      Faith    .   (no shield)
rNeg    . . .      Spirit   .   a - +0 robe
rPois   .          Reflect  .   (helmet currently unavailable)
rElec   .          Harm     .   (no cloak)
rCorr   .          Rampage  .   (no gloves)
Will    .....                   (boots currently unavailable)
Stlth   +.........              (no amulet)
HPRegen 0.11/turn               h - ring of see invisible
MPRegen 0.20/turn               (no ring)

@: appendages (expiring), wereblooded
A: horns 2, talons 2, magic regeneration, big brain 1
a: End Transformation


You were on level 3 of the Dungeon.
You had temporarily grown beastly horns and talons.
You visited 1 branch of the dungeon, and saw 3 of its levels.

You collected 103 gold pieces.

Inventory:

Hand Weapons
 l - a +0 broad axe (weapon)
Armour
 a - a +0 robe (worn)
Jewellery
 h - a ring of see invisible (left hand)
Wands
 m - a wand of acid (10)
Scrolls
 b - 2 scrolls of identify {unknown}
 d - a scroll of noise {unknown}
 e - a scroll of holy word {unknown}
 f - 2 scrolls of fear {unknown}
 g - a scroll of teleportation {unknown}
 j - a scroll of immolation {unknown}
 k - a scroll of brand weapon {unknown}
Potions
 c - a potion of heal wounds {unknown}
 i - a potion of resistance {unknown}


   Skills:
 + Level 1.8 Fighting
 + Level 2.3 Dodging
 + Level 3.1 Unarmed Combat
 + Level 2.5 Spellcasting
 + Level 2.3 Transmutations


You had 5 spell levels left.
You knew the following spells:

 Your Spells              Type           Power      Damage    Failure   Level
a - Beastly Appendage     Tmut           18%        N/A       8%          1
b - Wereblood             Tmut           9%         N/A       11%         2

Your spell library contained the following spells:

 Spells                   Type           Power      Damage    Failure   Level
 Foxfire                  Conj/Fire      8%         2x1d4     21%         1
 Spider Form              Tmut/Pois      2%         N/A       36%         3
 Conjure Flame            Conj/Fire      2%         6-21      52%         3
 Inner Flame              Hex/Fire       2%         N/A       52%         3
 Ice Form                 Ice/Tmut       5%         N/A       77%         4
 Flame Wave               Conj/Fire      2%         3d3       89%         4


Dungeon Overview and Level Annotations

Branches:
Dungeon (3/15)

Altars:
Wu Jian


Innate Abilities, Weirdness & Mutations

You have temporarily grown beastly horns and talons.
You regenerate magic rapidly.
You have an unusually large brain. (Int +2)


Message History

HP restored.
Found an escape hatch in the floor.
m - a wand of acid (10)
An iguana comes into view.
The iguana hisses angrily.
A bat comes into view.
There are monsters nearby!
There are monsters nearby!
There are monsters nearby!
Casting: Beastly Appendage (safe; 8% risk of failure)
Press: ? - help, Q - select action, (/) - cycle Dir - look around, f - activate You grow a pair of large bovine horns.
Your feet morph into talons.
The iguana barely misses you.
You closely miss the iguana. The iguana bites you! The iguana bites you.
You hit the iguana but do no damage. You claw the iguana.
The iguana is moderately wounded.
The iguana bites you but does no damage.
The iguana bites you!
You are too injured to fight recklessly!
You are too injured to fight recklessly!
You are too injured to fight recklessly!
You are too injured to fight recklessly!
Casting: Beastly Appendage (safe; 8% risk of failure)
Confirm with . or Enter, or press ? or * to list all spells.
Your blood is infused with primal strength.
The iguana misses you.
You hit the iguana but do no damage. You claw the iguana.
You headbutt the iguana.
The iguana is severely wounded.
Your transformation is almost over.
The iguana misses you.
You barely miss the iguana.
The iguana is severely wounded.
The iguana bites you.
* * * LOW HITPOINT WARNING * * *
The iguana barely misses you.
You hit the iguana. Your kick misses the iguana.
The iguana is severely wounded.
The iguana bites you!
You die...

...........##
#...#.#...## .#
##.##.##.## .#
#.##.##.# ..
#.##.##.# .##
..##....# ..
#######.# .#
#.#############.#
#........@lb....#
##############..#
#..... #....##
######


You could see an iguana and a bat.

Vanquished Creatures
  2 adders (D:2)
  2 worms (D:2)
  3 ball pythons
  A bat (D:2)
  4 endoplasms
  7 giant cockroaches
  6 goblins
  3 hobgoblins
  4 quokkas
  4 kobolds
36 creatures vanquished.

Notes
Turn   | Place    | Note
-------+----------+-------------------------------------------
     0 | D:1      | siradein the Demonspawn Transmuter began the quest for the
                  | Orb.
     0 | D:1      | Reached XP level 1. HP: 15/15 MP: 3/3
   538 | D:1      | Gained mutation: You regenerate magic rapidly. [demonic
                  | ancestry]
   538 | D:1      | Reached XP level 2. HP: 21/21 MP: 3/5
   541 | D:1      | Learned a level 2 spell: Wereblood
   599 | D:1      | Found a faded altar of an unknown god.
  1372 | D:2      | Reached XP level 3. HP: 26/26 MP: 4/6
  1394 | D:2      | Reached skill level 3 in Unarmed Combat
  1519 | D:2      | Found an ornate altar of the Wu Jian Council.
  2375 | D:3      | Gained mutation: You have an unusually large brain. (Int
                  | +2) [demonic ancestry]
  2375 | D:3      | Reached XP level 4. HP: 28/33 MP: 7/7
  2472 | D:3      | Slain by an iguana

Illustrated notes

Levels and vault maps discovered:
D:1:      dpeg_arrival_connections, layout_rooms,
          hellmonk_ecumenical_altar_run_dry
D:2:      layout_basic, basic_altar, minmay_octomino_j4
D:3:      layout_loops_ring, nicolae_tso_swordbearing_angel,
          minmay_misc_feat_tiny, item_on_display_a

Skill      XL: |  1  2  3 |
---------------+----------+-----
Transmutations | 2 |  2.3
Dodging        | 2 |  2.3
Unarmed Combat | 3 |  3.1
Fighting       | |  1.8
Spellcasting   | |  2.5

Action                   |  1- 3 |  4- 6 || total
-------------------------+-------+-------++-------
Melee: Unarmed           |   101 |       ||   101
       Kick              |    22 |     2 ||    24
       Headbutt          |    10 |     1 ||    11
       Broad axe         |     2 |     5 ||     7
 Cast: Beastly Appendage |    28 |     1 ||    29
       Wereblood         |    16 |     1 ||    17
 Stab: Sleeping          |     1 |       ||     1
Armor: Robe              |    16 |     1 ||    17
Dodge: Dodged            |    49 |     4 ||    53

Table legend: (Time is in decaauts)
 A = Elapsed time spent in this place.
 B = Non-inter-level travel time spent in this place.
 C = Inter-level travel time spent in this place.
 D = Time resting spent in this place.
 E = Time spent auto-exploring this place.
 F = Levels seen in this place.
 G = Mean time per level.
                   A        B        C        D        E       F      G
               +--------+--------+--------+--------+--------+-----+--------+
         Total |   2469 |   2420 |     49 |      0 |   2110 |   3 |  823.0 |
       Dungeon |   2469 |   2420 |     49 |      0 |   2110 |   3 |  823.0 |
               +--------+--------+--------+--------+--------+-----+--------+

Top non-repeatable levels by time:
     D:2: 1370 daAuts
     D:1: 973 daAuts
     D:3: 125 daAuts
